Match 38932006
Unlisted

Match 38932006
End
Construct Barracks
Selects Armored Battlegroup
Selects Veteran Crews
Riflemen Squad
Riflemen Squad
1⁄4-ton 4x4 Truck
Mechanized Support Center
Construct Weapon Support Center
Engineer Squad
Selects Fast Deploy
M1919 Machine Gun Team
Designate Forward Repair Station
Construct Motor Pool
M24 Chaffee Light Tank
Riflemen Squad
Bazooka Squad
Bazooka Squad
Selects Field Repairs
Designate Forward Repair Station
M1 Anti-tank Gun Team
M24 Chaffee Light Tank
M1 Mortar Team
A_Smoove
The_Honey_Bear
kentaro5272
Garrett
Toni T - The Damager
aciclovir
0
0

Comments sign in to comment!

No comments posted yet!